 Dungeon Crawl Stone Soup version 0.26.1-11-gd32895ea62 (webtiles) character file.

Game seed: 1282572657248149194

330 nothank2 the Slasher (level 6, -1/47 HPs)
             Began as a Formicid Fighter on July 14, 2021.
             Killed by nerve-wracking pain
             ... invoked by Grinder
              (5 damage)
             ... on level 3 of the Dungeon.
             The game lasted 00:04:57 (2449 turns).

nothank2 the Slasher (Formicid Fighter)             Turns: 2449, Time: 00:04:58

Health: -1/47      AC:  8    Str: 22    XL:     6   Next: 81%
Magic:  6/6        EV:  8    Int:  8    God:
Gold:   141        SH:  9    Dex: 10    Spells: 5/5 levels left

rFire    . . .     SeeInvis +   a - +0 long sword
rCold    . . .     Faith    .   c - +0 kite shield
rNeg     . . .     Spirit   .   b - +0 scale mail
rPois    .         Reflect  .   (helmet unavailable)
rElec    .         Harm     .   (no cloak)
rCorr    .         Rampage  .   (no gloves)
Will     .....                  j - +0 pair of boots
Stlth    ..........             (no amulet)
HPRegen  0.15/turn              (no ring)
MPRegen  0.10/turn              (no ring)

@: no status effects
A: permanent stasis, dig shafts and tunnels, four strong arms, antennae 3
a: Dig, Shaft Self


You were on level 3 of the Dungeon.
You visited 1 branch of the dungeon, and saw 3 of its levels.

You collected 141 gold pieces.

Inventory:

Hand Weapons
 a - a +0 long sword (weapon)
Missiles
 e - 4 boomerangs (quivered)
Armour
 b - a +0 scale mail (worn)
 c - a +0 kite shield (worn)
 j - a +0 pair of boots (worn)
Scrolls
 i - a scroll of enchant weapon {unknown}
 m - 3 scrolls of identify {unknown}
 o - a scroll of fear {unknown}
 p - a scroll of immolation {unknown}
 q - a scroll of teleportation {unknown}
 r - a scroll of enchant armour {unknown}
Potions
 d - a potion of might
 f - a potion of heal wounds {unknown}
 g - a potion of brilliance {unknown}
 h - 2 potions of flight {unknown}
 k - a potion of lignification {unknown}
 l - 3 potions of mutation {unknown}
 n - a potion of magic {unknown}
 s - a potion of haste {unknown}
 t - a potion of curing {unknown}


   Skills:
 - Level 3.2 Fighting
 * Level 6.7 Long Blades
 - Level 3.2 Armour
 - Level 3.6 Shields


You had 5 spell levels left.
You didn't know any spells.
Your spell library was empty.

Dungeon Overview and Level Annotations

Branches:
Dungeon (3/15)

Altars:
Vehumet
The Shining One

Annotations:
D:2 2 transporters
D:3 Grinder


Innate Abilities, Weirdness & Mutations

You cannot be hasted, slowed, berserked, paralysed or teleported.
You can dig through walls and to a lower floor.
Your four strong arms can wield two-handed weapons with a shield.
You have a pair of large antennae on your head. (SInv)


Message History

Grinder blinks!
Grinder barely misses you.
You hit Grinder but do no damage.
Grinder is severely wounded.
Grinder gestures at you. Pain shoots through your body!
* * * LOW HITPOINT WARNING * * *
Your scale mail prevents you from hitting Grinder.
Grinder is severely wounded.
Grinder gestures at you.
Your stasis prevents you from being paralysed.
You hit Grinder.
Grinder is almost dead.
Grinder blinks!
Grinder gestures at you.
Your stasis prevents you from being paralysed.
Grinder blinks!
Grinder gestures at you. Pain shoots through your body!
You die...

###.###...##..........#
#.........##..#.#.....####
######..<.###......##....## ##
#....# ####.(.##.....#5..
#..#.# #..............
##.###.†#.######...♣♣♣..5♣♣♣..
...................♣ #♣.♣#
..#.######...#.....♣ ♣.♣
#...#..@..♣# #♣.♣
#...#..5...♣♣♣.♣.♣
+...#.........♣♣♣..
#####...#$.♣♣♣.♣ ♣♣♣ #####.♣#
♣.♣ #.♣ .♣ #.♣ ♣ #.. #..


You could see Grinder.

Vanquished Creatures
  Sigmund (D:2)
  Jessica (D:2)
  Terence (D:3)
  Natasha (twice) (D:2)
  3 gnolls (D:2)
  2 adders (D:2)
  2 dart slugs (D:1)
  2 giant cockroaches (D:2)
  A goblin (D:1)
  3 hobgoblins
  2 kobolds (D:1)
  4 bats
  5 frilled lizards
  5 rats
34 creatures vanquished.

Notes
Turn   | Place    | Note
-------+----------+-------------------------------------------
     0 | D:1      | nothank2 the Formicid Fighter began the quest for the Orb.
     0 | D:1      | Reached XP level 1. HP: 18/18 MP: 1/1
   342 | D:1      | Reached XP level 2. HP: 24/24 MP: 2/2
   510 | D:1      | Reached skill level 3 in Long Blades
  1063 | D:2      | Noticed Sigmund
  1075 | D:2      | Killed Sigmund
  1076 | D:2      | Reached skill level 5 in Long Blades
  1076 | D:2      | Reached XP level 3. HP: 11/29 MP: 3/3
  1076 | D:2      | Reached XP level 4. HP: 13/35 MP: 4/4
  1076 | D:2      | Reached XP level 5. HP: 16/41 MP: 5/5
  1378 | D:2      | Noticed Jessica
  1384 | D:2      | Killed Jessica
  1385 | D:2      | Reached XP level 6. HP: 35/47 MP: 6/6
  1606 | D:2      | Reached skill level 6 in Long Blades
  1921 | D:2      | Found a transporter.
  1927 | D:2      | Found a transporter.
  1939 | D:2      | Noticed an ice beast
  1940 | D:2      | Noticed an ogre
  1958 | D:2      | Noticed Natasha
  1966 | D:2      | Killed Natasha
  1973 | D:2      | Found a glowing golden altar of the Shining One.
  1975 | D:2      | Found a radiant altar of Vehumet.
  2222 | D:2      | Noticed Natasha
  2228 | D:2      | Killed Natasha
  2306 | D:3      | Noticed Terence
  2326 | D:3      | Killed Terence
  2417 | D:3      | Noticed Grinder
  2449 | D:3      | Killed from afar by Grinder

Illustrated notes

Levels and vault maps discovered:
D:1:      dpeg_arrival_simpleton_c, layout_basic
D:2:      minmay_angry_zag, layout_basic, gammafunk_temple_overflow_arena,
          uniq_sigmund, uniq_jessica, uniq_natasha
D:3:      layout_basic, serial_glass, glass_columns_a, glass_columns_a,
          glass_columns_a, glass_columns_a, glass_columns_c, glass_columns_a,
          glass_columns_c, glass_columns_b, glass_columns_b, glass_columns_c,
          feat_on_display, minmay_stone_trees_medium, uniq_crazy_yiuf_cottage,
          uniq_robin, uniq_grinder, uniq_terence

Skill      XL: |  1  2  3  4  5  6 |
---------------+-------------------+-----
Long Blades    | 5 6 |  6.7
Fighting       | |  3.2
Armour         | |  3.2
Shields        | |  3.6

Action                   |  1- 3 |  4- 6 || total
-------------------------+-------+-------++-------
Melee: Long sword        |    51 |   111 ||   162
Throw: Boomerang         |       |     4 ||     4
  Use: Scroll            |     3 |       ||     3
Armor: Scale mail        |    23 |    37 ||    60
Dodge: Dodged            |    24 |    20 ||    44
Block: Kite shield       |    25 |    48 ||    73
       Rpst.: Long sword |     3 |     7 ||    10
